 Dungeon Crawl Stone Soup version 0.18-a0-1577-gf591c28 (webtiles) character file.

108855 Duffy the Eclecticist (level 16, -21/104 HPs)
             Began as a Spriggan Transmuter on Mar 18, 2016.
             Was the Champion of Cheibriados.
             Demolished by an enormous slime creature (72 damage)
             ... on level 15 of the Dungeon.
             The game lasted 00:55:05 (32664 turns).

Duffy the Eclecticist (Spriggan Transmuter)        Turns: 32664, Time: 00:55:05

Health: -21/104    AC: 32    Str: 25    XL:     16   Next: 3%
Magic:  39/39      EV: 33    Int: 31    God:    Cheibriados [******]
Gold:   511        SH:  4    Dex: 33    Spells: 8 memorised, 28 levels left

rFire  . . .     SeeInvis +       - Unarmed
rCold  + . .     Gourm    .     (armour currently unavailable)
rNeg   + + .     Faith    .     (shield restricted)
rPois  ∞         Spirit   .     (helmet restricted)
rElec  +         Dismiss  .     f - +2 cloak
rCorr  .         Reflect  +     (gloves unavailable)
SustAt .         Harm     .     (boots unavailable)
MR     ++...                    N - +4 amulet of reflection
Stlth  ++++......               M - ring of positive energy
                                H - ring of protection from cold

@: statue-form, very slow, very resistant to hostile enchantments, stealthy
A: unfitting armour, see invisible, herbivore 3, (speed 0), slow metabolism 2
a: End Transformation, Bend Time, Temporal Distortion, Slouch, Step From Time,
Renounce Religion


You were on level 15 of the Dungeon.
You worshipped Cheibriados.
Cheibriados was exalted by your worship.
You were not hungry.
You were a stone statue.
You visited 3 branches of the dungeon, and saw 25 of its levels.
You also visited: Bailey and Volcano.

You collected 2465 gold pieces.
You spent 1954 gold pieces at shops.


Innate Abilities, Weirdness & Mutations

You are tiny and cannot use many weapons and most armour.
You have supernaturally acute eyesight.
You are a herbivore.
((You cover ground extremely quickly.))
You need consume almost no food.


   Skills:
 - Level 7.4 Fighting
 - Level 10.6 Dodging
 - Level 5.2 Stealth
 + Level 12.9 Unarmed Combat
 - Level 18.0 Spellcasting
 - Level 13.0 Transmutations
 - Level 2.2 Ice Magic
 - Level 8.4 Earth Magic
 - Level 2.0 Poison Magic
 + Level 6.8 Invocations


You had 28 spell levels left.
You knew the following spells:

 Your Spells              Type           Power        Failure   Level  Hunger
a - Spider Form           Trmt/Pois      ######....   1%          3    None
b - Beastly Appendage     Trmt           ######       0%          1    None
c - Apportation           Tloc           ####......   1%          1    None
d - Blink                 Tloc           N/A          1%          2    None
e - Passage of Golubria   Tloc           N/A          14%         4    None
j - Ice Form              Ice/Trmt       ######..     1%          4    None
l - Statue Form           Trmt/Erth      #######..    2%          6    None
s - Sticks to Snakes      Trmt           #######.     0%          2    None

Inventory:

Missiles
 a - 335 arrows
 x - 7 curare-tipped needles
 B - 81 poisoned needles
 I - 3 throwing nets (quivered)
 J - 30 tomahawks
Armour
 b - a +1 robe (melded)
 f - a +2 cloak (worn)
Jewellery
 A - an uncursed ring of sustain attributes
 H - a ring of protection from cold (left hand)
 M - a ring of positive energy (right hand)
 N - a +4 amulet of reflection (around neck)
Wands
 l - a wand of iceblast (6/15)
 p - a wand of paralysis (4/24)
 u - a wand of lightning (9/15)
 G - a wand of heal wounds (5/9)
 K - a wand of iceblast (12/15)
 O - a wand of digging (0/24)
 P - a wand of enslavement (15/24)
 Q - a wand of flame (26/48)
 R - a wand of paralysis (3/24)
 T - a wand of disintegration (15/24)
Scrolls
 g - 4 scrolls of recharging
 h - 7 scrolls of blinking
 k - 3 scrolls of holy word
 m - 10 scrolls of remove curse
 n - 6 scrolls of teleportation
 r - 6 scrolls of magic mapping
 s - 5 scrolls of fear
 v - 2 scrolls of immolation
 w - 2 scrolls of fog
 y - 5 scrolls of enchant weapon
 U - a scroll of enchant armour
Potions
 e - 14 potions of curing
 i - a potion of cancellation
 j - 2 potions of cure mutation
 o - 5 potions of agility
 q - 2 potions of flight
 t - 3 potions of brilliance
 C - 2 potions of heal wounds
 D - 3 potions of magic
 F - 4 potions of might
Comestibles
 c - 19 fruits
 d - 14 bread rations
 E - a royal jelly
 L - 2 slices of pizza

Dungeon Overview and Level Annotations

Branches:
Dungeon (15/15)            Temple (0/1) D:6            Lair (8/8) D:9
  Swamp (0/4) Lair:6        Slime (0/6) Lair:8          Orc (2/2) D:11
    Elf (0/3) Orc:2        Vaults (0/5) D:13
  Snake: Lair:3-6    Spider: Lair:3-6    Depths: D:15

Altars:
Cheibriados
Dithmenos
Elyvilon
Gozag
Kikubaaqudgha
Nemelex Xobeh
Okawaru
Xom
Yredelemnul
Zin
Jiyva

Shops:
D:7 :   D:10 (   D:11 *   D:13 }   D:15 *:   Orc:1 *   Orc:2 (%*[

Annotations:
Lair:2 exclusion: oklob plant
Lair:6 exclusion: 3 electric eels
Lair:7 exclusion: oklob plant
Lair:8 1 runed door


Message History

You are too injured to fight recklessly!
You are too injured to fight recklessly!
You are too injured to fight recklessly!
You are too injured to fight recklessly!
You are too injured to fight recklessly!
You are too injured to fight recklessly!
You are too injured to fight recklessly!
You are too injured to fight recklessly!
You are too injured to fight recklessly!
You are too injured to fight recklessly!
You are too injured to fight recklessly!
You are too injured to fight recklessly!
You are too injured to fight recklessly!
You hit the very large slime creature.
You punch the very large slime creature!
The very large slime creature is heavily wounded.
The deep elf mage completely misses you.
A slime creature comes into view.
You pound the very large slime creature into fine dust!!!
Your punch misses the very large slime creature.
The very large slime creature is severely wounded.
Two slime creatures merge to form an enormous slime creature.
The deep elf mage casts a spell at you. The shard of ice misses you.
You hit the enormous slime creature but do no damage.
The enormous slime creature is heavily wounded.
The enormous slime creature completely misses you.
The deep elf mage completely misses you.
You pummel the enormous slime creature!!
The enormous slime creature is severely wounded.
The freezing wraith misses you.
The freezing wraith hits you but does no damage.
The enormous slime creature hits you!!!!
Ouch! That really hurt!
You die...

#...[#.##............
#. #%...#
######.#.##### #.
#....# #=.....# ##
#..... ###.##.##.# .#
#.............## ..#
#7W######### #... ..
#..# ####
##.##W#7e7##
.....YJ8W..#
##.##.##7#.# # .# #


You could see an enormous slime creature, a phantasmal warrior, a freezing
wraith, a deep elf mage, a wraith and an ice beast.

Action                   |  1- 3 |  4- 6 |  7- 9 | 10-12 | 13-15 | 16-18 || total
-------------------------+-------+-------+-------+-------+-------+-------++-------
Melee: Unarmed           |   110 |   148 |   373 |   745 |  1251 |    24 ||  2651
 Cast: Spider Form       |     2 |     7 |    27 |    46 |    10 |       ||    92
       Ice Form          |       |       |       |    36 |    21 |       ||    57
       Statue Form       |       |       |       |     1 |    70 |     1 ||    72
 Abil: End Transformatio |       |       |       |    20 |     4 |       ||    24
Evoke: Wand              |       |       |     4 |     1 |     5 |       ||    10
  Use: Scroll            |       |     5 |    12 |    12 |    13 |       ||    42
       Potion            |       |       |     2 |     3 |     3 |       ||     8
 Stab: Sleeping          |     1 |     1 |     7 |    22 |    20 |     2 ||    53
       Distracted        |       |     1 |     1 |     3 |     6 |       ||    11
       Paralysed         |       |       |     5 |       |       |       ||     5
       Petrified         |       |       |       |       |     2 |       ||     2
       Petrifying        |       |       |       |       |     1 |       ||     1
  Eat: Bread ration      |       |     1 |     1 |     3 |     2 |       ||     7
       Royal jelly       |       |       |       |       |     2 |       ||     2
       Fruit             |       |       |       |       |     8 |       ||     8
       Pizza             |       |       |       |       |     2 |       ||     2

Notes
Turn   | Place    | Note
--------------------------------------------------------------
     0 | D:1      | Duffy the Spriggan Transmuter began the quest for the Orb.
     0 | D:1      | Reached XP level 1. HP: 9/9 MP: 5/5
    23 | D:1      | Reached skill level 3 in Spellcasting
   197 | D:1      | Reached XP level 2. HP: 14/14 MP: 7/7
  1384 | D:1      | Reached skill level 3 in Unarmed Combat
  1590 | D:1      | Reached XP level 3. HP: 14/17 MP: 9/9
  1814 | D:1      | Learned a level 3 spell: Spider Form
  1906 | D:2      | Noticed Natasha
  1919 | D:2      | Killed Natasha
  1919 | D:2      | Reached skill level 1 in Poison Magic
  2083 | D:2      | Noticed Natasha
  2101 | D:2      | Killed Natasha
  2101 | D:2      | Reached skill level 4 in Spellcasting
  2101 | D:2      | Reached XP level 4. HP: 2/21 MP: 7/11
  2375 | D:2      | Noticed Natasha
  2386 | D:2      | Killed Natasha
  2386 | D:2      | Reached skill level 2 in Poison Magic
  2592 | D:2      | Found a snail-covered altar of Cheibriados.
  2601 | D:2      | Became a worshipper of Cheibriados the Contemplative
  2654 | D:2      | Learned a level 2 spell: Sticks to Snakes
  3088 | D:3      | Found a sparkling altar of Nemelex Xobeh.
  3088 | D:3      | Found an iron altar of Okawaru.
  3088 | D:3      | Found an ancient bone altar of Kikubaaqudgha.
  3310 | D:3      | Noticed Jessica
  3321 | D:3      | Killed Jessica
  3321 | D:3      | Reached XP level 5. HP: 16/25 MP: 12/12
  3806 | D:4      | Found a shadowy altar of Dithmenos.
  4007 | D:4      | Noticed an ogre
  4031 | D:4      | Killed an ogre
  4031 | D:4      | Reached skill level 4 in Unarmed Combat
  4031 | D:4      | Reached skill level 5 in Spellcasting
  4031 | D:4      | Reached XP level 6. HP: 29/29 MP: 15/15
  4074 | D:4      | Noticed Blork the orc
  4095 | D:4      | Killed Blork the orc
  4578 | D:4      | Reached skill level 6 in Spellcasting
  4768 | D:4      | Reached * piety under Cheibriados
  4778 | D:4      | Reached XP level 7. HP: 11/32 MP: 17/17
  5359 | D:4      | Reached skill level 1 in Fighting
  5423 | D:5      | Entered Level 5 of the Dungeon
  5491 | D:5      | Noticed Menkaure
  5502 | D:5      | Killed Menkaure
  5502 | D:5      | Reached skill level 5 in Unarmed Combat
  5821 | D:5      | Reached skill level 4 in Dodging
  5935 | D:5      | Found a shimmering altar of Xom.
  6015 | D:5      | Reached skill level 2 in Fighting
  6140 | D:5      | Noticed Eustachio
  6148 | D:5      | Killed Eustachio
  6148 | D:5      | Reached XP level 8. HP: 31/39 MP: 18/18
  6646 | D:6      | Found a staircase to the Ecumenical Temple.
  6814 | D:6      | Reached skill level 3 in Fighting
  6814 | D:6      | Reached skill level 6 in Unarmed Combat
  7296 | D:6      | Found a white marble altar of Elyvilon.
  7601 | D:7      | Reached ** piety under Cheibriados
  7601 | D:7      | Reached skill level 7 in Unarmed Combat
  7718 | D:7      | Found a glowing silver altar of Zin.
  7719 | D:7      | Found a flagged portal.
  7731 | Bailey   | Entered a bailey
  8322 | D:7      | Found Ybleqeka's Book Shop.
  8480 | D:8      | Found a basalt altar of Yredelemnul.
  8500 | D:8      | Reached skill level 5 in Dodging
  8643 | D:8      | Reached XP level 9. HP: 41/44 MP: 19/19
  8686 | D:8      | Found an opulent altar of Gozag.
  8723 | D:8      | Reached skill level 8 in Unarmed Combat
  9022 | D:8      | Reached *** piety under Cheibriados
  9022 | D:8      | Reached skill level 4 in Fighting
  9320 | D:9      | Reached skill level 5 in Fighting
  9548 | D:9      | Noticed Maurice
  9583 | D:9      | Killed Maurice
  9583 | D:9      | Reached skill level 6 in Fighting
  9686 | D:9      | Noticed Grum
  9710 | D:9      | Killed Grum
  9832 | D:9      | Reached **** piety under Cheibriados
 10052 | D:9      | Noticed Erolcha
 10067 | D:9      | Killed Erolcha
 10067 | D:9      | Reached skill level 8 in Spellcasting
 10067 | D:9      | Reached XP level 10. HP: 53/53 MP: 17/23
 10196 | D:9      | Found a staircase to the Lair.
 10210 | D:9      | Reached skill level 6 in Dodging
 10240 | D:9      | Reached skill level 9 in Unarmed Combat
 10275 | D:9      | Reached skill level 7 in Dodging
 10313 | D:9      | Learned a level 4 spell: Ice Form
 10638 | D:9      | Reached skill level 1 in Ice Magic
 10640 | D:9      | Reached ***** piety under Cheibriados
 10907 | D:10     | Entered Level 10 of the Dungeon
 10907 | D:10     | Found Silimiu's Weapon Shoppe.
 10954 | D:10     | Noticed an unseen horror
 10972 | D:10     | Killed an unseen horror
 10972 | D:10     | Reached skill level 2 in Ice Magic
 11174 | D:10     | Reached skill level 10 in Unarmed Combat
 11261 | D:10     | Reached skill level 3 in Transmutations
 11449 | D:10     | Noticed a hill giant
 11464 | D:10     | Killed a hill giant
 11464 | D:10     | Reached skill level 5 in Transmutations
 11559 | D:10     | Reached XP level 11. HP: 48/58 MP: 22/24
 11637 | D:10     | Reached skill level 7 in Fighting
 11836 | Lair:1   | Entered Level 1 of the Lair of Beasts
 12074 | Lair:1   | Reached skill level 9 in Spellcasting
 12620 | Lair:2   | Noticed an oklob plant
 12701 | Lair:1   | Noticed Erica
 12788 | Lair:2   | Reached skill level 10 in Spellcasting
 13030 | Lair:2   | Noticed Nergalle
 13036 | Lair:2   | Reached skill level 8 in Dodging
 13339 | Lair:2   | Reached skill level 9 in Dodging
 13376 | Lair:2   | Noticed a six-headed hydra
 13813 | Lair:3   | Reached ****** piety under Cheibriados
 13856 | Lair:3   | Reached skill level 10 in Dodging
 13919 | Lair:3   | Reached skill level 1 in Stealth
 13930 | Lair:3   | Reached skill level 2 in Stealth
 13999 | Lair:3   | Reached skill level 3 in Stealth
 14224 | Lair:3   | Reached skill level 4 in Stealth
 14459 | Lair:4   | Found a dark tunnel.
 14465 | Volcano  | Entered a volcano
 14483 | Volcano  | Noticed a lindwurm
 14520 | Lair:4   | Reached skill level 5 in Stealth
 14640 | Lair:4   | Reached skill level 6 in Transmutations
 14681 | Lair:4   | Reached skill level 7 in Transmutations
 14841 | Lair:4   | Reached skill level 8 in Transmutations
 15260 | D:7      | Bought a book of the Earth for 780 gold pieces
 15268 | D:7      | Learned a level 6 spell: Statue Form
 15410 | Lair:1   | Reached XP level 12. HP: 51/63 MP: 23/27
 15527 | Lair:1   | Killed Erica
 15527 | Lair:1   | Reached skill level 1 in Earth Magic
 15631 | Lair:1   | Reached skill level 2 in Earth Magic
 15652 | Lair:1   | Reached skill level 9 in Transmutations
 15658 | Lair:1   | Noticed a four-headed hydra
 15666 | Lair:1   | Killed a four-headed hydra
 15812 | Lair:1   | Reached skill level 3 in Earth Magic
 16342 | Lair:1   | Reached skill level 11 in Spellcasting
 17116 | Lair:4   | Reached skill level 10 in Transmutations
 17541 | Lair:5   | Reached skill level 4 in Earth Magic
 18025 | Lair:5   | Noticed a death yak
 18132 | Lair:6   | Noticed a death yak
 18134 | Lair:6   | Noticed a death yak
 18137 | Lair:6   | Noticed a death yak
 18144 | Lair:6   | Killed a death yak
 18153 | Lair:6   | Killed a death yak
 18153 | Lair:6   | Reached skill level 12 in Spellcasting
 18153 | Lair:6   | Reached skill level 5 in Earth Magic
 18158 | Lair:6   | Killed a death yak
 18337 | Lair:6   | Found a staircase to the Swamp.
 18492 | Lair:6   | Reached skill level 6 in Earth Magic
 19561 | D:11     | Reached XP level 13. HP: 51/67 MP: 30/30
 19659 | D:11     | Found a staircase to the Orcish Mines.
 20076 | D:11     | Found Oxeroatu's General Store.
 20084 | D:11     | Bought a scroll of identify for 28 gold pieces
 20084 | D:11     | Bought a scroll of identify for 28 gold pieces
 20252 | D:12     | Reached skill level 13 in Spellcasting
 20544 | D:12     | Noticed Urug
 20567 | D:12     | Killed Urug
 20803 | D:12     | Reached skill level 7 in Earth Magic
 21778 | Lair:2   | Killed Nergalle
 21820 | Lair:4   | Reached skill level 11 in Transmutations
 22245 | Lair:4   | Reached skill level 14 in Spellcasting
 22376 | Lair:4   | Reached skill level 12 in Transmutations
 23428 | Lair:5   | Reached skill level 15 in Spellcasting
 23428 | Lair:5   | Reached skill level 13 in Transmutations
 24732 | Lair:7   | Reached XP level 14. HP: 72/72 MP: 28/34
 24956 | Lair:7   | Found a basalt altar of Yredelemnul.
 25205 | Lair:7   | Reached skill level 8 in Earth Magic
 25607 | Lair:7   | Learned a level 1 spell: Apportation
 25610 | Lair:7   | Learned a level 2 spell: Blink
 25615 | Lair:7   | Learned a level 4 spell: Passage of Golubria
 25902 | Lair:8   | Entered Level 8 of the Lair of Beasts
 26135 | Lair:8   | Reached skill level 16 in Spellcasting
 26755 | Lair:8   | Reached skill level 11 in Unarmed Combat
 26777 | Lair:8   | Found a runed door.
 26779 | Lair:8   | Found a viscous altar of Jiyva.
 26780 | Lair:8   | Noticed an azure jelly
 26781 | Lair:8   | Found a staircase to the Slime Pits.
 26782 | Lair:8   | Noticed an azure jelly
 27120 | Lair:8   | Reached skill level 17 in Spellcasting
 27810 | Lair:8   | Reached XP level 15. HP: 75/75 MP: 37/37
 27928 | Lair:8   | Got a heavily runed animal skin
 27947 | Lair:8   | Identified the +2 animal skin of Sovereignty {*Confuse +Blink rElec rPois} (You found it on level 8 of the Lair of Beasts)
 28405 | D:13     | Reached skill level 18 in Spellcasting
 28631 | D:13     | Found Joaptith's Quality Used Wands.
 28653 | D:13     | Bought a wand of heal wounds (0/9) for 336 gold pieces
 28676 | D:13     | Found a gate to the Vaults.
 29053 | D:14     | Reached skill level 1 in Invocations
 29105 | D:14     | Reached skill level 12 in Unarmed Combat
 29255 | D:14     | Reached skill level 2 in Invocations
 29605 | D:14     | Reached skill level 3 in Invocations
 30027 | D:14     | Got a scorched buckler
 30033 | D:14     | Identified the +0 buckler "Elopreak" {rPois rF- rCorr} (You acquired it on level 14 of the Dungeon)
 30124 | Orc:1    | Entered Level 1 of the Orcish Mines
 30137 | D:11     | Reached skill level 4 in Invocations
 30283 | Orc:1    | Found Yhifraun's General Store.
 30328 | Orc:1    | Bought a scroll of magic mapping for 38 gold pieces
 30440 | Orc:2    | Entered Level 2 of the Orcish Mines
 30950 | Orc:2    | Reached skill level 5 in Invocations
 31047 | Orc:2    | Found Suafyraf's Antique Weapon Boutique.
 31047 | Orc:2    | Found Ywo Esse's Assorted Antiques.
 31048 | Orc:2    | Found Ropt's Food Emporium.
 31048 | Orc:2    | Found Loaw's Armour Shop.
 31062 | Orc:2    | Found a staircase to the Elven Halls.
 31157 | Orc:2    | Reached skill level 6 in Invocations
 31942 | Orc:2    | Bought a triangular platinum amulet for 155 gold pieces
 31942 | Orc:2    | Bought a scroll of identify for 62 gold pieces
 31942 | Orc:2    | Bought a scroll of identify for 62 gold pieces
 31947 | Orc:2    | Bought a scroll of blinking for 232 gold pieces
 31949 | Orc:2    | Bought a bread ration for 65 gold pieces
 31949 | Orc:2    | Bought a bread ration for 65 gold pieces
 31949 | Orc:2    | Bought a slice of pizza for 19 gold pieces
 31949 | Orc:2    | Bought a slice of pizza for 19 gold pieces
 31949 | Orc:2    | Bought a bread ration for 65 gold pieces
 32229 | D:15     | Entered Level 15 of the Dungeon
 32486 | D:15     | Reached XP level 16. HP: 80/80 MP: 34/39
 32539 | D:15     | Found Beves's Elemental Accessories.
 32637 | D:15     | Found Yguesule's Book Emporium.
 32664 | D:15     | Demolished by an enormous slime creature

Vault maps used:
D:1:      dpeg_arrival_radiant
D:2:      cheibriados_altar_1, serial_bayou_pond_a, uniq_natasha
D:3:      gammafunk_temple_overflow_claw, first_bread, uniq_jessica
D:4:      enter_ossuary_2, grunt_dithmenos_smoke_and_mirrors, uniq_blork_the_orc
D:5:      nicolae_overflow_hidden_temple, uniq_eustachio, uniq_menkaure
D:6:      minmay_temple_entry_poolview, elyvilon_altar_3
D:7:      zin_academy, enter_bailey_2, serial_shops, shop
D:8:      lemuel_doored_altar, yredelemnul_altar_generic
D:9:      lair_0_dummy, uniq_erolcha, uniq_grum, uniq_maurice
D:10:     serial_shops, nicolae_shop_waterfront
D:11:     david_orc_1_choice, serial_shops, nicolae_shop_trees
D:12:     uniq_urug
D:13:     erik_vaults_2, hangedman_fish_farm, nicolae_for_you_no_charge
D:14:     statuecave_lemuel, bh_walls_and_bars
D:15:     hangedman_depths_entry_try_elsewhere_first, kennysheep_pointless_box,
          serial_shops, nicolae_shop_trees, nicolae_elemental_shop
Lair:1:   cheibrodos_lair_caveside_slide, lemuel_fruit_tree, uniq_erica
Lair:2:   minmay_lair_oklob_chamber, grunt_forest_small_clearing_treed,
          uniq_nergalle
Lair:3:   spider_nest_entry_a, special_room, grunt_megastairs_5
Lair:4:   serial_bayou, serial_bayou_crossing, serial_bayou_lake_a,
          serial_bayou_pond_b, serial_bayou_lagoon_b, enter_volcano_4
Lair:5:   grunt_megastairs_4
Lair:6:   minmay_swamp_entry_eels, kennysheep_basilisk_garden,
          infiniplex_staircase_pool_2
Lair:7:   basic_altar, grunt_megastairs_3
Lair:8:   evilmike_catoblepas_cave, slime_altar_2, grunt_forest_small_clearings,
          st_stairs_9, minivault_23, wad_woods_road_04
Orc:1:    serial_shops, shop, minmay_orc_keep
Orc:2:    st_orc_ogre_mass
Bailey:   bailey_polearm_flooded_kennysheep, bailey
Volcano:  volcano_pools

Vanquished Creatures
  8 vault guards
  8 hydras
  A death knight Erolcha Erica
  A centaur warrior
  4 ogre magi
  3 catoblepae
  2 tengu warriors
  25 death yaks Urug Nergalle
  3 skeletal warriors
  An unseen horror (shapeshifter)
  3 unseen horrors
  3 hill giants
  3 orc knights
  3 ugly things
  2 griffons
  A manticore
  6 cyclopes
  A centaur zombie
  An oklob plant
  13 elephants
  6 black mambas Maurice
  2 torpor snails
  14 spiny frogs
  An efreet
  A rime drake
  A gargoyle
  13 komodo dragons
  A freezing wraith
  A jumping spider
  5 trolls
  A merfolk
  14 two-headed ogres
  29 blink frogs
  3 slime creatures
  A boulder beetle
  5 basilisks
  61 yaks
  2 vampires Eustachio
  6 wyverns
  12 hippogriffs
  2 wraiths Grum
  A hippogriff (shapeshifter)
  A hungry ghost Menkaure
  A soldier ant
  9 wargs
  14 water moccasins
  13 porcupines
  4 sky beasts
  3 ice beasts
  A wasp
  2 eyes of draining
  35 ogres
  25 orc warriors
  3 necrophages
  21 crocodiles
  A phantom
  12 wolves
  9 centaurs
  2 big kobolds Blork the orc
  26 giant frogs
  A gnoll sergeant
  7 scorpions
  A water moccasin skeleton
  13 killer bees
  11 wights
  6 electric eels
  3 howler monkeys
  4 crimson imps
  A quasit
  9 hounds
  3 jellies
  22 orc wizards
  3 centaur skeletons
  10 orc priests
  2 giant frog skeletons
  Jessica Natasha (thrice)
  8 iguanas
  7 worker ants
  51 sheep
  A hound skeleton
  16 gnolls
  46 river rats
  11 adders
  2 shadow imps
  2 oozes
  2 adder skeletons
  3 adder zombies
  A worm
  3 dart slugs
  6 giant geckos
  76 orcs
  5 bats
  3 giant cockroaches
  5 goblins
  5 hobgoblins
  9 jackals
  3 quokkas
  A giant gecko skeleton
  9 giant newts
  11 kobolds
  A quokka skeleton
  A quokka zombie
  5 rats
  25 fungi
  34 plants
917 creatures vanquished.
